 Dungeon Crawl Stone Soup version 0.31-a0-870-g10ed682358 (webtiles) character file.

Game seed: 6025564585288596254

329 Salticidae the Scratcher (level 6, -4/25 HPs)
             Began as a Felid Shapeshifter on Oct 12, 2023.
             Was an Initiate of Wu Jian.
             Slain by a scorpion (5 damage)
             ... on level 4 of the Dungeon.
             The game lasted 00:12:55 (2414 turns).

Salticidae the Scratcher (Felid Shapeshifter)       Turns: 2414, Time: 00:12:56

Health: -4/25      AC:  2    Str: 10    XL:     6   Next: 25%
Magic:  7/7        EV: 18    Int: 11    God:    Wu Jian [......]
Gold:   192        SH:  0    Dex: 18    Spells: 5/5 levels left
                                        Lives:  0   Deaths: 2

rFire   . .          .
                       - Unarmed
rCold   . . .        (shield unavailable)
rNeg    . . .        (body armour unavailable)
rPois   .            (helmet unavailable)
rElec   .            (cloak unavailable)
rCorr   .            (gloves unavailable)
SInv    +            (boots unavailable)
Will    .....        (no amulet)
Stlth   ++           (no ring)
HPRegen 0.24/turn    (no ring)
MPRegen 0.10/turn

%: no passive effects
@: beast-form, quick
A: beast (slay +2), very small, claws 1, fangs 3, see invisible, speed 1, shaggy
fur 2, stealthy paws, no weapons or thrown items, no armour, multi-lived
a: Begin Untransformation, Renounce Religion


You were on level 4 of the Dungeon.
You worshipped Wu Jian.
Wu Jian was noncommittal.
You were a hulking beast.
You visited 1 branch of the dungeon, and saw 5 of its levels.
You also visited: Sewer.

You collected 192 gold pieces.

Inventory:

Talismans
 b - a beast talisman (active)
 c - a flux talisman
 d - a dragon-blood talisman
Scrolls
 a - 2 scrolls of blinking {unknown}
 e - 3 scrolls of identify {unknown}
 f - a scroll of noise {unknown}
 h - a scroll of revelation {unknown}
 i - 3 scrolls of teleportation {unknown}
 j - 2 scrolls of fog {unknown}
 k - a scroll of butterflies {unknown}
 l - 2 scrolls of enchant armour
 o - a scroll of enchant weapon {unknown}
 q - a scroll of fear {unknown}
Potions
 m - a potion of brilliance
 n - a potion of attraction {unknown}
 p - a potion of berserk rage {unknown}


   Skills:
 * Level 1.4 Fighting
 + Level 3.1 Dodging
 * Level 2.1 Stealth
 * Level 6.1 Unarmed Combat
 * Level 4.2 Shapeshifting


You had 5 spell levels left.
You didn't know any spells.
Your spell library contained the following spells:

 Spells                   Type           Power      Damage    Failure   Level
 Blink                    Tloc           0%         N/A       47%         2
 Lesser Beckoning         Tloc           0%         N/A       47%         2
 Momentum Strike          Conj/Tloc      0%         3d8       47%         2


Dungeon Overview and Level Annotations

Branches:
Dungeon (5/15)              Sewer (visited)
 Temple: D:4-7

Altars:
Sif Muna
Wu Jian

Shops:
D:4 [


Innate Abilities, Weirdness & Mutations

You are a hulking beast.
Your limbs bulge with bestial killing power. (Slay +2)
You have sharp claws.
You have razor-sharp teeth.
You have supernaturally acute eyesight. (SInv)
You cover ground quickly. (Speed+)
You are covered in thick fur. (AC +2)
Your paws help you pounce on unaware monsters.
You are incapable of wielding weapons or throwing items.
You cannot wear armour.
You gain extra lives every three experience levels.


Message History

Your Stealth skill increases to level 2!
You see here a hound corpse.
There is an entrance to Sarghil's Antique Armour Boutique here.
An orc comes into view. It is wielding a +0 short sword.
Found 3 scrolls labelled QIVAUN UTOR.
The orc shouts!
You see here 13 gold pieces.
You now have 192 gold pieces (gained 13).
An iguana comes into view.
Found a sling.
You lunge at the orc.
You closely miss the orc.
The iguana hisses angrily.
You claw the orc.
The orc is severely wounded.
The orc hits you with a +0 short sword.
You claw the orc!
You kill the orc!
The Council accepts your kill.
You closely miss the scorpion. The scorpion misses you.
You scratch the scorpion.
The scorpion is moderately wounded.
The scorpion closely misses you.
You scratch the scorpion.
The scorpion is moderately wounded.
The scorpion closely misses you.
You scratch the scorpion but do no damage.
The scorpion is moderately wounded.
The scorpion stings you.
You scratch the scorpion.
The scorpion is heavily wounded.
The iguana closely misses you. The scorpion misses you.
You closely miss the scorpion. You bite the scorpion.
The scorpion is heavily wounded.
The scorpion stings you. The iguana closely misses you.
You scratch the scorpion but do no damage.
The scorpion is heavily wounded.
The scorpion closely misses you. The iguana bites you!
* * * LOW HITPOINT WARNING * * *
The scorpion attacks as it pursues you! The scorpion stings you.
You die...

#.....#
................#....#...
#
..?.............#.>..#...
#
................#....#...
#
................#...##...
#
................#...##...
................#...#....
.......)........#...#....
......l.s.......#...#....
........h.......#....#...
................#....####
................#....#
................'....#
)...............#....#
................#....#
............∩..†######
#################


You could see a scorpion and an iguana.

Vanquished Creatures
  Pargi (Sewer)
  A scorpion (D:5)
  A hound (D:4)
  4 gnolls (D:4)
  3 adders
  3 worms
  A dart slug (D:3)
  2 orcs
  3 bats
  7 endoplasms
  2 giant cockroaches
  3 goblins
  8 hobgoblins
  5 kobolds
  4 quokkas
  11 ball pythons
  3 frilled lizards
  7 rats
69 creatures vanquished.

Notes
Turn   | Place    | Note
-------+----------+-------------------------------------------
     0 | D:1      | Salticidae the Felid Shapeshifter began the quest for the
                  | Orb.
     0 | D:1      | Reached XP level 1. HP: 9/9 MP: 2/2
   119 | D:1      | Reached XP level 2. HP: 8/12 MP: 3/3
   516 | D:1      | Found a faded altar of an unknown god.
   653 | D:2      | Slain by an adder
   654 | D:2      | Found a shimmering blue altar of Sif Muna.
   681 | D:2      | Reached skill level 4 in Unarmed Combat
   681 | D:2      | Reached XP level 3. HP: 12/15 MP: 4/4
  1179 | D:2      | Reached skill level 1 in Stealth
  1280 | D:3      | Reached XP level 4. HP: 19/19 MP: 5/5
  1361 | D:3      | Found a glowing drain.
  1376 | Sewer    | Entered a sewer
  1397 | Sewer    | Noticed Pargi
  1412 | Sewer    | Killed Pargi
  1413 | Sewer    | Reached skill level 5 in Unarmed Combat
  1413 | Sewer    | Reached XP level 5. HP: 22/22 MP: 6/6
  1831 | D:3      | Found an ornate altar of the Wu Jian Council.
  1871 | D:3      | Became a worshipper of the Wu Jian Council
  2009 | D:4      | Noticed a phantom
  2043 | D:4      | HP: 1/22 [poisoned by a scorpion]
  2047 | D:5      | Entered Level 5 of the Dungeon
  2152 | D:5      | Gained mutation: You are covered in thick fur. (AC +2)
                  | [Felid growth]
  2152 | D:5      | Reached XP level 6. HP: 7/25 MP: 7/7
  2295 | D:4      | Reached skill level 6 in Unarmed Combat
  2300 | D:4      | Succumbed to a gnoll sergeant's poison
  2386 | D:4      | Found Sarghil's Antique Armour Boutique.
  2413 | D:4      | HP: 1/25 [iguana (11)]
  2414 | D:4      | Slain by a scorpion

Illustrated notes

Levels and vault maps discovered:
D:1:      eino_arrival_cavern_d, layout_basic,
          ebering_ecumenical_altar_abandoned, skrybe_limestone_x
D:2:      minmay_alternating_diamond, layout_rooms, basic_altar
D:3:      layout_rooms, nicolae_wu_jian_wuxing_cycle,
          cheibrodos_sewer_entry_sluice, hex_large, glass_columns_a,
          corexii_shack
D:4:      layout_gridville, serial_shops, shop, minivault_14, uniq_sigmund
D:5:      layout_cave_pools, nicolae_dithmenos_through_a_glass_darkly,
          uniq_menkaure

Skill      XL: |  1  2  3  4  5  6 |
---------------+-------------------+-----
Unarmed Combat | 4 5 6 |  6.1
Stealth        | 1 2 |  2.1
Dodging        | 3 |  3.1
Shapeshifting  | 4 |  4.2
Fighting       | |  1.4

Action                     |  1- 3 |  4- 6 || total
---------------------------+-------+-------++-------
  Melee: Unarmed           |   108 |    74 ||   182
         Bite              |     8 |     5 ||    13
         Punch             |     2 |     4 ||     6
Ability: Lunge             |       |     6 ||     6
    Use: Potion            |       |     5 ||     5
         Scroll            |       |     1 ||     1
   Stab: Sleeping          |     6 |     3 ||     9
 Armour: Skin              |    24 |    42 ||    66
  Dodge: Dodged            |    65 |    48 ||   113
         Form:             |     1 |       ||     1
         Beast             |     1 |       ||     1

Table legend: (Time is in decaauts)
 A = Elapsed time spent in this place.
 B = Non-inter-level travel time spent in this place.
 C = Inter-level travel time spent in this place.
 D = Time resting spent in this place.
 E = Time spent auto-exploring this place.
 F = Levels seen in this place.
 G = Mean time per level.
                   A        B        C        D        E       F      G
               +--------+--------+--------+--------+--------+-----+--------+
         Total |   2050 |   1977 |     73 |    219 |   1064 |   6 |  341.7 |
       Dungeon |   1931 |   1858 |     73 |    195 |   1031 |   5 |  386.2 |
         Sewer |    119 |    119 |      0 |     24 |     32 |   1 |  119.0 |
               +--------+--------+--------+--------+--------+-----+--------+

Top non-repeatable levels by time:
     D:1: 527 daAuts
     D:3: 509 daAuts
     D:2: 481 daAuts
     D:5: 214 daAuts
     D:4: 198 daAuts
   Sewer: 119 daAuts
